Melton, chaotic male elven Priest ---- --- | |..--- -..| .| |....| ..--.. ---....-- ..... ----.......| ...# |...<..--..| -... ----|.....------ |.. |..--.......| --.- |......----.--- --..-----...---- |...| |..GG@.........-----.--- --.--------.....-- |.^.| #-- ---....| ---.- -----....---- .. ---.--......|.---- |................| |................| ---.--.|.|.------- ---------- Melton the Acolyte Experience level: 4 Strength: 10 Dexterity: 12 Constitution: 16 Intelligence: 10 Wisdom: 20 Charisma: 9 Health: 0(31) Energy: 60(60) Def: 7 Gold: 302 Moves: 2150 Dungeon seed: _JlkRff5tyaJUkrJ Game ID: Melton_1615892775 Your Inventory: Coins $ - 302 gold pieces Amulets o - an amulet of magical breathing (being worn) Weapons a - a blessed corroded +2 mace (weapon in hand) C - a +0 elven dagger Armor e - a +0 robe (being worn) n - a +0 small shield (being worn) r - a +0 leather cloak K - a +0 dwarvish iron helm (being worn) L - a +0 dwarvish cloak O - a +0 pair of iron shoes (being worn) Comestibles c - a clove of garlic d - 2 sprigs of wolfsbane B - a food ration Scrolls s - a cursed scroll of light Spellbooks f - a spellbook of cure blindness g - a spellbook of remove curse Potions b - 4 potions of holy water Rings k - a cursed -1 ring of gain constitution m - a ring of shock resistance (on left hand) Wands v - a wand of secret door detection (0:10) Tools h - a wooden harp p - a leash z - a towel P - a +0 pick-axe (alternate weapon; not wielded) Gems q - a worthless piece of orange glass y - a garnet stone I - 2 worthless pieces of yellowish brown glass N - an amethyst stone Y - a worthless piece of green glass Spells and supernatural/magical abilities: Name Level Category Fail Memory r - remove curse 3 clerical 0% 80% B - cure blindness 2 healing 31% 57% W - pray for help -- divine ? -- X - turn undead -- divine ? -- Your skills at the end: Fighting Skills Weapon Skills mace [Basic] Spellcasting Skills clerical spells [Basic] Final Attributes: You were piously aligned. You were sleep resistant. You were shock resistant. You saw invisible. You had infravision. You could survive without air. You are dead. Vanquished creatures: 2 dwarves a dwarf zombie an iguana 2 acid blobs a coyote a hobbit 4 manes a green mold 2 gnomes 4 geckos 3 jackals 2 foxes a kobold 2 goblins a sewer rat 5 grid bugs a lichen a kobold zombie 6 newts 41 creatures vanquished. Voluntary challenges: You were an atheist. You used a wielded weapon 40 times, starting on turn 27. You read items or engraved 4 times, starting on turn 128. You never genocided any monsters. You never polymorphed an object. You never changed form. You used no wishes. You never split a pudding. You never wrote Elbereth's name. You never violated your personal moral code. Dungeon overview: The Dungeons of Doom: levels 1 to 4 Level 1 a fountain a long staircase Level 2 a fountain stairs to The Gnomish Mines Level 3 a fountain Level 4 The Gnomish Mines: Level 3 <- You were here stairs to The Dungeons of Doom History has recorded: On T:1 you entered the Dungeons of Doom to retrieve the Amulet of Yendor! On T:266 you reached level 2 of The Dungeons of Doom. On T:651 you reached level 3 of The Dungeons of Doom. On T:892 you advanced to experience level 2. On T:904 you reached level 4 of The Dungeons of Doom. On T:1138 you advanced to experience level 3. On T:2046 you reached level 1 of The Gnomish Mines. On T:2115 you advanced to experience level 4. Score breakdown: Gold: 302 ( 8441 points) Experience: 4 levels ( 9649 points) Exploration: 4 levels ( 7.69%) ( 7276 points) Discoveries: 8 items ( 2.80%) ( 5017 points) Valuables value: (no points given unless you survive) Artifact value: 0 ( 0 points) Variety of kills: 19 monsters ( 4.99%) ( 6699 points) Turncount: 2150 turns ( -107 points) Survival: died (score multiplied by 80%) Total score: 29580 Latest messages: You start digging. You hit the rock with all your might. You stop digging. You continue digging. You stop digging. You continue digging. The gnome lord falls into a pit! The gnome lord picks up a broad short sword. You stop digging. You are now wielding your mace. P - a pick-axe (alternate weapon; not wielded). You hit the gnome lord. The gnome lord wields a broad short sword! You miss the gnome lord. (2x) The gnome lord thrusts his broad short sword. The gnome lord hits! You hit the gnome lord. The gnome lord thrusts his broad short sword. The gnome lord hits! You die... Final status: Goodbye Melton the Priest, killed by a gnome lord... You died in The Gnomish Mines on dungeon level 3 with 29580 points, and 302 pieces of gold, after 2150 moves. You were level 4 with a maximum of 31 hit points when you died.